 Dungeon Crawl Stone Soup version 0.26-a0-667-g92642533e4 (webtiles) character file.

Game seed: 7552527793477845499

72179 miscthings the Unseen (level 15, 0/145 HPs)
             Began as a Kobold Berserker on Oct 16, 2020.
             Was the Champion of Trog.
             Slain by a catoblepas (13 damage)
             ... while petrified by you
             ... on level 6 of the Lair of Beasts on Oct 17, 2020.
             The game lasted 00:47:36 (21985 turns).

miscthings the Unseen (Kobold Berserker)           Turns: 21985, Time: 00:47:36

Health: 0/145      AC:  8    Str: 19    XL:     15   Next: 85%
Magic:  15/15      EV:  3    Int: 14    God:    Trog [******]
Gold:   1639       SH:  0    Dex: 21    Spells: 14/14 levels left

rFire    . . .     SeeInvis +   d - +9 dagger of Trog's Vengeance {vorpal, MR+ Dex+3}
rCold    . . .     Faith    .   Q - +0 buckler
rNeg     + + +     Spirit   .   I - +0 troll leather armour
rPois    ∞         Reflect  +   V - +2 hat
rElec    .         Harm     .   O - +1 cloak
rCorr    .         Rampage  .   (no gloves)
MR       ++++.                  (no boots)
Stlth    ..........             o - amulet of reflection
HPRegen  1.74/turn              P - +4 ring of evasion
MPRegen  0.14/turn              B - ring "Pitor" {rPois rN+ Str+4 Dex+3 SInv}

@: berserking, petrified, regenerating, studying 2 skills
A: small, nightstalker 3
a: Berserk, Trog's Hand, Brothers in Arms, Renounce Religion


You were on level 6 of the Lair of Beasts.
You worshipped Trog.
Trog was exalted by your worship.
You visited 4 branches of the dungeon, and saw 21 of its levels.
You visited the Abyss 1 time.
You also visited: Ossuary.

You collected 2470 gold pieces.
You spent 831 gold pieces at shops.

Inventory:

Hand Weapons
 d - the +9 dagger of Trog's Vengeance (weapon) {vorpal, MR+ Dex+3}
   (Trog gifted it to you on level 1 of the Orcish Mines)

   It inflicts extra damage upon your enemies.
   It affects your dexterity (+3).
   It affects your resistance to hostile enchantments.
 U - a +0 hand crossbow
Missiles
 i - 5 throwing nets
 j - 158 bolts
 x - 8 atropa-tipped darts (quivered)
Armour
 I - a +0 troll leather armour (worn)
 N - a +2 robe of resistance
 O - a +1 cloak (worn)
 Q - a +0 buckler (worn)
 V - a +2 hat (worn)
Jewellery
 o - an amulet of reflection (around neck)
 B - the ring "Pitor" (right hand) {rPois rN+ Str+4 Dex+3 SInv}
   (You bought it in a shop on level 6 of the Dungeon)

   [ring of see invisible]

   It affects your strength (+4).
   It affects your dexterity (+3).
   It protects you from poison.
   It protects you from negative energy.
   It lets you see invisible.
 L - an uncursed ring of protection from magic
 P - a +4 ring of evasion (left hand)
Wands
 D - a wand of iceblast (32)
 K - a wand of paralysis (10)
 R - a wand of acid (2)
 T - a wand of enslavement (3)
 Z - a wand of disintegration (14)
Scrolls
 b - 4 scrolls of identify {@r1}
 c - 6 scrolls of remove curse
 g - a scroll of brand weapon
 l - 2 scrolls of blinking
 m - 2 scrolls of enchant armour
 n - 11 scrolls of teleportation
 p - 3 scrolls of amnesia
 v - 3 scrolls of immolation
 w - 4 scrolls of enchant weapon
 E - 2 scrolls of fear
 F - a scroll of fog
 J - a scroll of magic mapping
 W - a scroll of holy word
 X - a scroll of silence
Potions
 a - 8 potions of ambrosia
 e - 11 potions of curing
 f - a potion of mutation
 h - 3 potions of flight
 k - 8 potions of lignification
 r - 3 potions of haste
 s - 2 potions of might
 t - 10 potions of heal wounds
 u - 3 potions of brilliance
 z - a potion of invisibility
 A - 2 potions of magic
 C - 3 potions of cancellation
 H - 5 potions of stabbing
Books
 q - a manual of Short Blades
 G - a manual of Crossbows
Miscellaneous
 y - a condenser vane (2/2)
 M - a phantom mirror
 Y - a box of beasts (3/3)


   Skills:
 + Level 12.8 Fighting
 - Level 14.0 Short Blades
 + Level 8.5 Crossbows
 - Level 5.0 Throwing
 + Level 3.5 Armour
 + Level 13.5 Dodging
 + Level 15.6 Stealth
 - Level 5.6 Shields
 + Level 12.7 Evocations


You had 14 spell levels left.
You didn't know any spells.
Your spell library contained the following spells:

 Spells                   Type           Power        Failure   Level
 Foxfire                  Conj/Fire      #...         32%         1
 Magic Dart               Conj           #...         32%         1
 Sting                    Tmut/Pois      #...         32%         1
 Blink                    Tloc           N/A          45%         2
 Call Imp                 Summ           #.......     45%         2
 Poisonous Vapours        Pois/Air       #.....       45%         2
 Slow                     Hex            #.......     45%         2
 Conjure Flame            Conj/Fire      #.......     69%         3
 Ignite Poison            Fire/Tmut/Pois #.......     69%         3
 Inner Flame              Hex/Fire       #.......     69%         3
 Mephitic Cloud           Conj/Pois/Air  #.......     69%         3
 Olgreb's Toxic Radiance  Pois           #.......     97%         4
 Sticky Flame             Conj/Fire      #.......     97%         4
 Fireball                 Conj/Fire      #.........   100%        5


Dungeon Overview and Level Annotations

Branches:
Dungeon (12/15)            Temple (1/1) D:6            Lair (6/6) D:10
 Shoals (0/4) Lair:4        Snake (0/4) Lair:4        Slime (0/5) Lair:5
    Orc (2/2) D:12            Elf (0/3) Orc:2       Ossuary (visited)

Altars:
Ashenzari
Cheibriados
Dithmenos
Elyvilon
Fedhas
Gozag
Hepliaklqana
Kikubaaqudgha
Makhleb
Nemelex Xobeh
Okawaru
Qazlal
Ru
Sif Muna
Trog
Uskayaw
Vehumet
Wu Jian
Xom
Yredelemnul
Zin
The Shining One
Beogh
Jiyva

Shops:
D:4 }   D:6 *=   D:12 =   Orc:2 *=([

Portals:
Abyss: D:1***

Annotations:
Lair:5 1 runed translucent door


Innate Abilities, Weirdness & Mutations

You are small and have problems with some larger weapons.
You are completely attuned to the shadows.


Message History

The catoblepas is moderately wounded.
You are engulfed in calcifying dust.
You are slowing down.
You puncture the catoblepas!
The catoblepas is heavily wounded.
The catoblepas gores you but does no damage.
Your limbs are stiffening.
You hit the catoblepas.
The catoblepas is heavily wounded.
You hit the catoblepas.
The catoblepas is heavily wounded.
You puncture the catoblepas!
The catoblepas is severely wounded.
The catoblepas gores you!
* * * LOW HITPOINT WARNING * * *
You have turned to stone.
The catoblepas gores you!!
* * * LOW HITPOINT WARNING * * *
The catoblepas gores you!!
You die...

♣♣♣♣♣♣♣
###♣.♣....
#.##P..§...(.
.......§@....
#.......Y.##.
.....<...##
#.
###....####..
#..#....P..
######..P..P
#.#...#....#
##.P......##
#P....†..#


You could see a catoblepas.

Vanquished Creatures
  2 stone giants (Orc:2)
  The ghost of somkeydreadnuts the Severer, a journeyman DDFi of Gozag (Orc:1)
  Nessos (Lair:5)
  Fannar (D:12)
  An ice dragon (Lair:4)
  2 catoblepae
  7 hydras
  6 death yaks
  3 two-headed ogres (D:12)
  A tengu warrior (D:12)
  2 orc high priests (Orc:2)
  Nergalle (D:11)
  Pikel (D:7)
  4 orc knights
  A lindwurm (Lair:5)
  3 deep elf magi
  2 ugly things
  A cyclops (D:12)
  8 orc sorcerers
  A manticore (D:11)
  4 black mambas
  10 elephants (Lair:6)
  2 gargoyles
  12 cane toads
  6 rime drakes
  4 komodo dragons
  A queen bee (Lair:3)
  A polar bear (Lair:4)
  3 trolls
  A hornet (D:11)
  A merfolk (Lair:4)
  15 blink frogs
  2 shadows
  A wraith (D:11)
  A vampire (D:11)
  A steam dragon (D:12)
  8 basilisks
  56 yaks
  9 wyverns
  2 acid dragons
  8 water moccasins
  28 orc warriors
  2 black bears
  3 ice beasts
  5 sky beasts
  A necrophage (D:9)
  4 phantoms
  14 wolves
  13 ogres
  2 lemures (D:7)
  5 centaurs
  5 big kobolds
  2 gnoll sergeants (D:12)
  19 bullfrogs
  A wyvern skeleton (D:10)
  34 killer bees
  2 scorpions
  15 wights
  An electric eel (Lair:5)
  3 howler monkeys
  4 bullfrog zombies
  A crimson imp (Orc:1)
  2 centaur zombies (D:12)
  3 bullfrog skeletons
  2 jellies (D:8)
  2 gnoll shamans
  Crazy Yiuf (D:4)
  13 orc priests
  10 hounds
  22 orc wizards
  An iron imp (Orc:1)
  2 centaur skeletons
  An iguana (D:4)
  9 hell rats
  13 worker ants
  A killer bee zombie (D:9)
  A centaur simulacrum (D:8)
  3 hound skeletons
  A howler monkey zombie (D:8)
  8 mummies (Ossuary)
  2 worker ant zombies (D:9)
  21 gnolls
  21 adders
  A shadow imp (Orc:1)
  3 white imps
  6 ufetubi
  An ooze (D:2)
  2 adder zombies
  An adder skeleton (D:9)
  6 worms
  2 dart slugs
  9 leopard geckos
  61 orcs
  10 giant cockroaches
  3 gnoll zombies (Ossuary)
  4 hobgoblins
  6 jackals
  4 quokkas
  A bat (D:2)
  12 frilled lizards
  3 hobgoblin zombies (Ossuary)
  13 kobolds
  A kobold zombie (Ossuary)
  An orc zombie (Ossuary)
  15 rats
665 creatures vanquished.

Vanquished Creatures (collateral kills)
  An orc warlord (Orc:2)
  A boulder beetle (D:10)
  A two-headed ogre (Orc:2)
  A death yak (D:10)
  A troll (D:12)
  5 orc warriors (Orc:2)
  2 ogres (D:12)
  A big kobold (D:12)
  A gnoll sergeant (D:12)
  An orc priest (Orc:2)
  2 orc wizards (Orc:2)
  6 orcs
23 creatures vanquished.

Vanquished Creatures (others)
  Erolcha (Orc:2)
  An orc warrior (Orc:2)
  A swamp drake (Orc:1)
  20 fungi
  44 plants
67 creatures vanquished.

Grand Total: 755 creatures vanquished

Notes
Turn   | Place    | Note
-------+----------+-------------------------------------------
     0 | D:1      | miscthings the Kobold Berserker began the quest for the
                  | Orb.
     0 | D:1      | Reached XP level 1. HP: 14/14 MP: 1/1
     0 | D:1      | Found a one-way gate to the infinite horrors of the Abyss.
   134 | D:1      | Reached XP level 2. HP: 17/19 MP: 2/2
   310 | D:1      | Reached skill level 5 in Short Blades
   545 | D:1      | Reached ** piety under Trog
   545 | D:1      | Reached XP level 3. HP: 23/23 MP: 3/3
  1091 | D:2      | Reached XP level 4. HP: 17/28 MP: 4/4
  1460 | D:3      | Noticed a bullfrog
  1472 | D:3      | Killed a bullfrog
  1472 | D:3      | Reached XP level 5. HP: 29/32 MP: 5/5
  1700 | D:3      | You fall into a shaft and drop 3 floors!
  1701 | D:6      | Noticed a bullfrog
  1701 | D:6      | Noticed a phantom
  1701 | D:6      | Killed a bullfrog
  1701 | D:6      | Reached XP level 6. HP: 25/37 MP: 6/6
  1705 | D:6      | Noticed an ogre
  1714 | D:6      | Killed an ogre
  1739 | D:6      | Killed a phantom
  1739 | D:6      | Reached XP level 7. HP: 31/41 MP: 7/7
  1908 | D:6      | Found Doiloulu's Jewellery Shoppe.
  1923 | D:6      | Reached skill level 10 in Short Blades
  2012 | D:6      | Reached skill level 1 in Throwing
  2012 | D:6      | Reached skill level 1 in Stealth
  2013 | D:6      | Found a staircase to the Ecumenical Temple.
  2022 | Temple   | Entered the Ecumenical Temple
  2176 | D:6      | Reached skill level 2 in Stealth
  2191 | D:6      | Found Tef Axze's General Store.
  2196 | D:6      | Bought a scroll of immolation for 35 gold pieces
  2229 | D:6      | Reached skill level 3 in Stealth
  2229 | D:6      | Reached XP level 8. HP: 30/48 MP: 8/8
  2449 | D:5      | Entered Level 5 of the Dungeon
  2674 | D:5      | Reached *** piety under Trog
  2844 | D:4      | Reached skill level 4 in Stealth
  2936 | D:4      | Found Cuemusch's Gadget Boutique.
  4053 | D:3      | Found a hide-covered altar of Uskayaw.
  4055 | D:3      | Found a glowing silver altar of Zin.
  4176 | D:3      | Reached skill level 5 in Fighting
  4364 | D:4      | Found a runed translucent door.
  4367 | D:4      | Noticed Crazy Yiuf
  4500 | D:4      | Reached XP level 9. HP: 54/54 MP: 9/9
  4532 | D:4      | Reached skill level 5 in Dodging
  4532 | D:4      | Reached skill level 5 in Stealth
  4680 | D:4      | Killed Crazy Yiuf
  4898 | D:5      | Noticed a moth of wrath
  4901 | D:5      | Found a bloodstained altar of Trog.
  5492 | D:6      | Reached skill level 1 in Evocations
  5928 | D:7      | Found a white marble altar of Elyvilon.
  5953 | D:7      | Reached skill level 6 in Stealth
  6038 | D:7      | Found a shadowy altar of Dithmenos.
  6066 | D:7      | Reached **** piety under Trog
  6151 | D:7      | Found a sand-covered staircase.
  6155 | Ossuary  | Entered an ossuary
  6487 | D:7      | Reached skill level 5 in Throwing
  7083 | D:7      | Found an ornate altar of the Wu Jian Council.
  7101 | D:7      | Noticed Pikel
  7128 | D:7      | Killed Pikel
  7128 | D:7      | Reached skill level 7 in Stealth
  7128 | D:7      | Reached XP level 10. HP: 60/61 MP: 10/10
  7503 | D:8      | Reached skill level 8 in Stealth
  7506 | D:8      | Reached skill level 5 in Evocations
  7635 | D:8      | Noticed a cyan ugly thing
  7653 | D:8      | Killed a cyan ugly thing
  8422 | D:9      | Reached skill level 9 in Stealth
  8518 | D:9      | Reached ***** piety under Trog
  9168 | D:9      | Reached XP level 11. HP: 68/68 MP: 11/11
  9222 | D:9      | Noticed a two-headed ogre
  9429 | D:10     | Entered Level 10 of the Dungeon
  9561 | D:10     | Noticed a boulder beetle
  9580 | D:10     | Killed a boulder beetle
  9580 | D:10     | Reached skill level 10 in Stealth
 10380 | D:10     | Noticed a death yak
 10380 | D:10     | Noticed a death yak
 10386 | D:10     | Found a staircase to the Lair.
 10391 | D:10     | Noticed a death yak
 10584 | D:10     | Killed a death yak
 10707 | D:10     | Killed a death yak
 10713 | D:10     | Killed a death yak
 11473 | D:11     | Reached skill level 11 in Stealth
 11499 | D:11     | Noticed Nergalle
 11505 | D:11     | Killed Nergalle
 11668 | D:11     | Reached skill level 10 in Dodging
 11676 | D:11     | Received a gift from Trog
 11854 | D:11     | Reached XP level 12. HP: 76/76 MP: 12/12
 12076 | D:12     | Found Bujomeu's Jewellery Shoppe.
 12089 | D:12     | Noticed a two-headed ogre
 12094 | D:12     | Killed a two-headed ogre
 12096 | D:12     | Noticed Fannar
 12104 | D:12     | Noticed a two-headed ogre
 12355 | D:12     | Killed a two-headed ogre
 12355 | D:12     | Reached skill level 10 in Fighting
 12453 | D:12     | Killed Fannar
 12453 | D:12     | Reached skill level 12 in Stealth
 12739 | D:12     | Noticed a two-headed ogre
 12743 | D:12     | Killed a two-headed ogre
 12978 | D:12     | Noticed a tengu warrior
 12982 | D:12     | Killed a tengu warrior
 12994 | D:12     | Found a staircase to the Orcish Mines.
 13436 | D:12     | Reached skill level 1 in Shields
 13436 | D:12     | Reached skill level 10 in Evocations
 13627 | Lair:1   | Entered Level 1 of the Lair of Beasts
 13677 | Lair:1   | Reached XP level 13. HP: 83/83 MP: 13/13
 13842 | Orc:1    | Entered Level 1 of the Orcish Mines
 14032 | Orc:2    | Entered Level 2 of the Orcish Mines
 14035 | Orc:2    | Noticed Erolcha
 14052 | Orc:2    | Cast into level 1 of the Abyss (Erolcha)
 14092 | Abyss:1  | Found a corrupted altar of Lugonu.
 14092 | Abyss:1  | Found a basalt altar of Yredelemnul.
 14139 | Orc:2    | Escaped the Abyss
 14156 | Orc:2    | Killed Erolcha
 14180 | Orc:2    | Noticed a stone giant
 14206 | Orc:2    | Killed a stone giant
 14230 | Orc:2    | Noticed a stone giant
 14350 | Orc:2    | Killed a stone giant
 14350 | Orc:2    | Reached skill level 13 in Stealth
 14950 | Orc:1    | Found a runed translucent door.
 15308 | Orc:1    | Received a gift from Trog
 15402 | Orc:1    | Got a transparent dagger {god gift}
 15403 | Orc:1    | Identified the +9 dagger of Trog's Vengeance {vorpal, MR+
                  | Dex+3} (Trog gifted it to you on level 1 of the Orcish
                  | Mines)
 15526 | Orc:1    | Noticed somkeydreadnuts's ghost (journeyman DDFi)
 15530 | Orc:1    | Killed somkeydreadnuts's ghost
 15926 | Orc:2    | Found a roughly hewn altar of Beogh.
 15961 | Orc:2    | Reached XP level 14. HP: 90/90 MP: 14/14
 16015 | Orc:2    | Found Holiluez's Jewellery Shop.
 16062 | Orc:2    | Noticed an orc warlord
 16087 | Orc:2    | Killed an orc warlord
 16087 | Orc:2    | Reached skill level 5 in Shields
 16231 | Orc:2    | Found Nuism's Antique Armour Shop.
 16304 | Orc:2    | Found a staircase to the Elven Halls.
 16365 | Orc:2    | Found Fuyh's General Store.
 16370 | Orc:2    | Bought a potion of curing for 45 gold pieces
 16370 | Orc:2    | Bought a potion of heal wounds for 75 gold pieces
 16381 | Orc:2    | Found Qaupil's Antique Weapon Shop.
 16634 | D:6      | Bought the ring "Pitor" {rPois rN+ Str+4 Dex+3 SInv} for
                  | 676 gold pieces
 17153 | Lair:1   | Reached skill level 14 in Stealth
 17977 | Lair:2   | Reached ****** piety under Trog
 18654 | Lair:3   | Reached skill level 1 in Crossbows
 19008 | Lair:3   | Received a gift from Trog
 19727 | Lair:4   | Found a staircase to the Shoals.
 19836 | Lair:4   | Reached XP level 15. HP: 96/96 MP: 15/15
 20081 | Lair:4   | Found a staircase to the Snake Pit.
 20274 | Lair:5   | Reached skill level 5 in Crossbows
 20430 | Lair:5   | Found a runed translucent door.
 20431 | Lair:5   | Found a viscous altar of Jiyva.
 20432 | Lair:5   | Noticed an acid blob
 20432 | Lair:5   | Noticed an acid blob
 20433 | Lair:5   | Found a staircase to the Slime Pits.
 20433 | Lair:5   | Noticed an acid blob
 20600 | Lair:5   | Reached skill level 15 in Stealth
 20722 | Lair:5   | Noticed Nessos
 20726 | Lair:5   | Killed Nessos
 20751 | Lair:5   | Received a gift from Trog
 21349 | Lair:6   | Entered Level 6 of the Lair of Beasts
 21985 | Lair:6   | Slain by a catoblepas

Illustrated notes

Levels and vault maps discovered:
D:1:      minmay_arrival_glassed_features, layout_basic
D:2:      layout_rooms
D:3:      layout_basic, chequers_temple_overflow_statue_of_worship,
          serial_bayou_pond_c
D:4:      layout_loops_ring, serial_shops, kennysheep_mini,
          uniq_crazy_yiuf_cottage
D:5:      layout_cave_pods, tgw_trog
D:6:      layout_loops_ring, minmay_temple_entry_ruins, serial_shops, shop, shop
D:7:      layout_loops_ring, grunt_dithmenos_smoke, lemuel_crystal_altar,
          elyvilon_altar_3, nicolae_ossuary_entry_false_entrances, uniq_pikel
D:8:      layout_rooms, serial_corexii_hall, corexii_hall_statues_l,
          corexii_hall_statues_i, chequers_hall_statues_wall_a,
          minmay_manual_mail
D:9:      minmay_octagon_keep, layout_irregular_city
D:10:     layout_stronghold, dpeg_lair_monsters, minivault_5
D:11:     layout_rooms, uniq_nergalle
D:12:     layout_long_grid, kennysheep_orc_monster_closet_entryway,
          serial_shops, shop, uniq_fannar
Temple:   eino_temple_rhombus
Lair:1:   layout_misc_corridors, minmay_holes, grunt_megastairs_2,
          infiniplex_staircase_pool_2
Lair:2:   layout_misc_corridors
Lair:3:   layout_loops_ring, special_room [special_room_bee]
Lair:4:   dragon1_lemuel, layout_big_grid, elwin_shoals_entry_rooms,
          dummy_snake_entry
Lair:5:   layout_hall_layers, slime_altar_2, special_room
          [special_room_mythical_zoo], chequers_serial_rivers_small_b,
          infiniplex_staircase_pool, uniq_nessos
Lair:6:   minmay_lair_end_enchanted_forest, layout_misc_corridors
Orc:1:    layout_diamond_mine, ebering_ghost_reflecting_pool,
          hangedman_minor_magic
Orc:2:    grunt_orc_cross, layout_caves, uniq_erolcha

Skill      XL: |  1  2  3  4  5  6  7  8  9 10 11 12 13 14 15 |
---------------+----------------------------------------------+-----
Short Blades   | 5 6 7 8 9 10 11 12 13 14 | 14.0
Throwing       | 2 3 5 |  5.0
Stealth        | 3 4 7 9 11 12 13 14 15 | 15.6
Dodging        | 3 4 6 8 10 11 12 13 | 13.5
Fighting       | 4 5 6 8 9 10 11 12 | 12.8
Evocations     | 4 6 8 10 12 | 12.7
Shields        | 1 4 5 |  5.6
Crossbows      | 4 8 |  8.5
Armour         | 3 |  3.5

Action                   |  1- 3 |  4- 6 |  7- 9 | 10-12 | 13-15 || total
-------------------------+-------+-------+-------+-------+-------++-------
Melee: Short sword       |    48 |       |       |       |       ||    48
       Dagger            |    49 |    89 |   634 |  1231 |  1440 ||  3443
Invok: Berserk           |     1 |     4 |    14 |    35 |    34 ||    88
       Brothers in Arms  |       |       |       |     4 |     2 ||     6
       Trog's Hand       |       |       |       |       |     1 ||     1
Evoke: Wand              |       |       |       |     2 |     7 ||     9
       Condenser vane    |       |       |       |       |     1 ||     1
  Use: Scroll            |       |       |    22 |     9 |     5 ||    36
       Potion            |       |       |     1 |     1 |       ||     2
 Stab: Sleeping          |    11 |     4 |    31 |    58 |    40 ||   144
       Distracted        |       |       |     2 |     4 |     6 ||    12
       Petrified         |       |       |       |       |     1 ||     1
Armor: Animal skin       |     5 |     7 |    22 |     9 |       ||    43
       Troll leather arm |       |       |       |    40 |    49 ||    89
Dodge: Dodged            |    51 |    24 |   203 |   376 |   626 ||  1280
Block: Other             |       |       |    22 |   126 |       ||   148
       Reflection        |       |       |       |     2 |     5 ||     7
       Buckler           |       |       |       |     4 |   437 ||   441

Table legend: (Time is in decaauts)
 A = Elapsed time spent in this place.
 B = Non-inter-level travel time spent in this place.
 C = Inter-level travel time spent in this place.
 D = Time resting spent in this place.
 E = Time spent auto-exploring this place.
 F = Levels seen in this place.
 G = Mean time per level.
                   A        B        C        D        E       F      G
               +--------+--------+--------+--------+--------+-----+--------+
         Total |  20675 |  19314 |   1361 |   3927 |  10796 |  23 |  898.9 |
       Dungeon |  12887 |  11824 |   1063 |   2718 |   6591 |  12 | 1073.9 |
        Temple |    145 |    139 |      6 |      0 |    131 |   1 |  145.0 |
          Lair |   4875 |   4699 |    176 |    501 |   3153 |   6 |  812.5 |
  Orcish Mines |   2414 |   2299 |    115 |    602 |    842 |   2 | 1207.0 |
         Abyss |    101 |    101 |      0 |     43 |      0 |   1 |  101.0 |
       Ossuary |    250 |    250 |      0 |     61 |     78 |   1 |  250.0 |
               +--------+--------+--------+--------+--------+-----+--------+

Top non-repeatable levels by time:
    D:10: 1955 daAuts
     D:4: 1515 daAuts
   Orc:2: 1502 daAuts
     D:9: 1297 daAuts
     D:6: 1181 daAuts
    D:12: 1170 daAuts
     D:7: 1111 daAuts
    D:11: 1071 daAuts
  Lair:5: 1049 daAuts
  Lair:4: 978 daAuts
     D:5: 963 daAuts
   Orc:1: 911 daAuts
  Lair:3: 911 daAuts
     D:1: 903 daAuts
  Lair:1: 888 daAuts
